 Dungeon Crawl Stone Soup version 0.31-a0-977-gc230f8ef24 (webtiles) character file.

Game seed: 2071312445792042766

488 Spaninq the Slasher (level 6, -9/53 HPs)
             Began as a Draconian Delver on Oct 29, 2023.
             Was an Initiate of Dithmenos.
             Mangled by a gnoll sergeant
             ... wielding a +0 trident of distortion
              (12 damage)
             ... on level 5 of the Dungeon.
             The game lasted 00:09:57 (3392 turns).

Spaninq the Slasher (Draconian Delver)              Turns: 3392, Time: 00:09:58

Health: -9/53      AC:  7    Str: 14    XL:     6   Next: 90%
Magic:  6/6        EV: 13    Int: 11    God:    Dithmenos [......]
Gold:   223        SH:  6    Dex: 20    Spells: 5/5 levels left

rFire   . . .        a - +0 falchion
rCold   . . .        k - +0 buckler
rNeg    . . .        (body armour unavailable)
rPois   .            (helmet restricted)
rElec   .            (no cloak)
rCorr   .            C - +0 pair of gloves
SInv    .            (no boots)
Will    +....        (no amulet)
Stlth   +++          l - +6 ring of dexterity
HPRegen 0.28/turn    x - ring of willpower
MPRegen 0.10/turn

%: no passive effects
@: no status effects
A: AC +6, unfitting armour, cold-blooded
a: Renounce Religion


You were on level 5 of the Dungeon.
You worshipped Dithmenos.
Dithmenos was noncommittal.
You visited 1 branch of the dungeon, and saw 5 of its levels.

You collected 223 gold pieces.

Inventory:

Hand Weapons
 a - a +0 falchion (weapon)
Missiles
 s - 3 throwing nets
Armour
 k - a +0 buckler (worn)
 C - a +0 pair of gloves (worn)
Jewellery
 l - a +6 ring of dexterity (left hand)
 x - a ring of willpower (right hand)
 A - a ring of see invisible
Wands
 f - a wand of digging (3)
Scrolls
 b - a scroll of fog
 c - a scroll of revelation
 d - 3 scrolls of fear
 h - a scroll of noise {unknown}
 j - 4 scrolls of teleportation {unknown}
 m - 3 scrolls of identify {unknown}
 p - a scroll of poison {unknown}
 r - 2 scrolls of enchant weapon {unknown}
 v - 3 scrolls of immolation {unknown}
 y - a scroll of silence {unknown}
 z - a scroll of butterflies {unknown}
 D - a scroll of vulnerability {unknown}
 E - a scroll of enchant armour {unknown}
Potions
 e - a potion of haste
 g - 3 potions of heal wounds {unknown}
 i - 4 potions of lignification {unknown}
 n - 2 potions of curing {unknown}
 o - 4 potions of ambrosia {unknown}
 q - a potion of attraction {unknown}
 t - a potion of resistance {unknown}
 u - a potion of berserk rage {unknown}
 w - a potion of degeneration {unknown}
 B - a potion of mutation {unknown}
 F - a potion of enlightenment {unknown}


   Skills:
 + Level 4.5 Fighting
 * Level 4.6 Long Blades
 + Level 3.1 Dodging
 - Level 4.5 Stealth
 * Level 3.8 Shields


You had 5 spell levels left.
You didn't know any spells.
Your spell library contained the following spells:

 Spells                   Type           Power      Damage    Failure   Level
 Magic Dart               Conj           0%         1d3       43%         1
 Call Imp                 Summ           0%         N/A       56%         2
 Call Canine Familiar     Summ           0%         N/A       80%         3
 Mephitic Cloud           Conj/Pois/Air  0%         N/A       80%         3
 Sigil of Binding         Hex            0%         N/A       80%         3
 Dimensional Bullseye     Hex/Tloc       0%         N/A       99%         4
 Leda's Liquefaction      Hex/Erth       0%         N/A       99%         4


Dungeon Overview and Level Annotations

Branches:
Dungeon (5/15)
 Temple: D:4-7

Altars:
Dithmenos
Hepliaklqana
Okawaru


Innate Abilities, Weirdness & Mutations

Your plain brown scales are hard. (AC +6)
You cannot fit into any form of body armour.
You are cold-blooded and may be slowed by cold attacks.


Message History

The jackal bites you. The jackal closely misses you.
The jackal bites you but does no damage.
You hit the jackal.
You kill the jackal!
Dithmenos accepts your kill. You block the jackal's attack.
You block the jackal's attack. The jackal misses you.
You see here a jackal corpse.
You hit the jackal. You tail-slap the jackal.
You kill the jackal!
Dithmenos accepts your kill.
You see here a jackal corpse.
HP restored.
Found 2 stones and a leather armour.
Found a falchion.
A gnoll comes into view. It is wielding a +0 whip.
A gnoll comes into view. It is wielding a +0 whip.
The gnoll shouts! x2; You hear a shout!
A gnoll comes into view. It is wielding a +0 whip.
You hear a shout! x2
A gnoll comes into view. It is wielding a +0 flail.
A gnoll sergeant comes into view.
It is wielding a +0 trident of distortion and wearing a +1 scale mail of cold resistance.
Found 5 stones.
The gnoll sergeant hits you from afar with a +0 trident of distortion.
Space warps horribly around you!!
The gnoll sergeant attacks as it pursues you!
The gnoll sergeant hits you from afar with a +0 trident of distortion!
Space warps around you.
* * * LOW HITPOINT WARNING * * *
The gnoll sergeant attacks as it pursues you!
The gnoll sergeant hits you from afar with a +0 trident of distortion.
* * * LOW HITPOINT WARNING * * *
Space warps horribly around you!
* * * LOW HITPOINT WARNING * * *
You see here 5 stones.
The gnoll sergeant attacks as it pursues you!
The gnoll sergeant completely misses you.
The gnoll sergeant attacks as it pursues you!
The gnoll sergeant hits you from afar with a +0 trident of distortion!
You die...

# ##††.###.....####
..#####........g.......
.#.......###.##g#########
.............##.# ...
...#....#######.# #.##
..#..##.##....gg# ##....
#.###.##g########....#
...#..<##.####.......#
..##.....@.#....#..####
.....#.#.....####.>...#
..####.#.##### #####.....
. #..># #### #####


You could see a gnoll sergeant.

Vanquished Creatures
  Sigmund (D:2)
  A scorpion (D:4)
  An orc priest (D:3)
  A jelly (D:4)
  Jessica (D:2)
  An orc wizard (D:3)
  An iguana (D:4)
  4 gnolls (D:3)
  3 adders
  A white imp (D:3)
  A dart slug (D:2)
  2 orcs (D:3)
  4 ball pythons
  7 bats
  5 endoplasms
  9 goblins
  4 hobgoblins
  7 jackals
  7 kobolds
  3 quokkas
  2 frilled lizards (D:1)
  8 rats
74 creatures vanquished.

Notes
Turn   | Place    | Note
-------+----------+-------------------------------------------
     0 | D:5      | Spaninq the Draconian Delver began the quest for the Orb.
     0 | D:5      | Reached XP level 1. HP: 19/19 MP: 1/1
   366 | D:2      | Reached XP level 2. HP: 26/26 MP: 2/2
   890 | D:1      | Reached XP level 3. HP: 31/31 MP: 3/3
  1247 | D:2      | Found a faded altar of an unknown god.
  1323 | D:2      | Reached skill level 1 in Shields
  1361 | D:2      | Noticed Sigmund
  1375 | D:2      | Killed Sigmund
  1376 | D:2      | Reached XP level 4. HP: 28/40 MP: 4/4
  1376 | D:2      | Reached XP level 5. HP: 32/46 MP: 5/5
  1516 | D:2      | Noticed Jessica
  1525 | D:2      | Killed Jessica
  1889 | D:3      | Noticed a shadow
  1890 | D:3      | Found a shadowy altar of Dithmenos.
  1893 | D:3      | Found a hazy altar of Hepliaklqana.
  1901 | D:3      | Became a worshipper of Dithmenos the Shadowed
  2083 | D:3      | Reached XP level 6. HP: 42/52 MP: 6/6
  2590 | D:4      | Found an iron altar of Okawaru.
  3386 | D:5      | HP: 1/53 [gnoll sergeant/+0 trident of distortion (7)]
  3392 | D:5      | Mangled by a gnoll sergeant

Illustrated notes

Levels and vault maps discovered:
D:1:      dpeg_arrival_line_fractal, layout_basic, minmay_misc_feat_rugged,
          minmay_vboxes
D:2:      layout_loops_cross, hellmonk_ecumenical_altar_arch_garden,
          reono_crystal_passage, uniq_jessica, uniq_sigmund
D:3:      layout_rooms, riverfiend_overflow_shadow_ancestor,
          kennysheep_orc_chapel
D:4:      cheibrodos_helix_gallery, layout_basic, okawaru_ov_weapons_minmay
D:5:      layout_rooms, nicolae_grassy_gnolls, uniq_pikel

Skill      XL: |  1  2  3  4  5  6 |
---------------+-------------------+-----
Dodging        | 2 3 |  3.1
Shields        | 2 3 |  3.8
Long Blades    | 3 4 |  4.6
Fighting       | 4 |  4.5
Stealth        | |  4.5

Action                     |  1- 3 |  4- 6 || total
---------------------------+-------+-------++-------
  Melee: Falchion          |    88 |   123 ||   211
         Tailslap          |     8 |    22 ||    30
   Stab: Sleeping          |    12 |     5 ||    17
 Armour: Skin              |    34 |    78 ||   112
  Dodge: Dodged            |    48 |    68 ||   116
  Block: Buckler           |       |    15 ||    15

Table legend: (Time is in decaauts)
 A = Elapsed time spent in this place.
 B = Non-inter-level travel time spent in this place.
 C = Inter-level travel time spent in this place.
 D = Time resting spent in this place.
 E = Time spent auto-exploring this place.
 F = Levels seen in this place.
 G = Mean time per level.
                   A        B        C        D        E       F      G
               +--------+--------+--------+--------+--------+-----+--------+
         Total |   3422 |   3325 |     97 |      0 |   2293 |   5 |  684.4 |
       Dungeon |   3422 |   3325 |     97 |      0 |   2293 |   5 |  684.4 |
               +--------+--------+--------+--------+--------+-----+--------+

Top non-repeatable levels by time:
     D:4: 909 daAuts
     D:3: 875 daAuts
     D:1: 832 daAuts
     D:2: 747 daAuts
     D:5: 58 daAuts
